 Dungeon Crawl Stone Soup version 0.26.1-11-gd32895ea62 (webtiles) character file.

Game seed: 12932258607890615282

917 Descartes the Magician (level 7, -10/36 HPs)
             Began as a Deep Elf Hedge Wizard on May 11, 2021.
             Was an Initiate of Gozag.
             Mangled by an ice beast (19 damage)
             ... on level 5 of the Dungeon on May 12, 2021.
             The game lasted 00:15:11 (7880 turns).

Descartes the Magician (Deep Elf Hedge Wizard)      Turns: 7880, Time: 00:15:12

Health: -10/36     AC:  6    Str:  8    XL:     7   Next: 83%
Magic:  19/19      EV: 14    Int: 20    God:    Gozag
Gold:   1128       SH:  0    Dex: 14    Spells: 17/20 levels left

rFire    + . .     SeeInvis .   a - +1 dagger (flame)
rCold    x . .     Faith    .   (no shield)
rNeg     . . .     Spirit   .   v - +0 leather armour
rPois    .         Reflect  .   c - +0 hat
rElec    .         Harm     .   y - +0 cloak
rCorr    .         Rampage  .   l - +1 pair of gloves
Will     .....                  (no boots)
Stlth    +++.......             (no amulet)
HPRegen  0.12/turn              k - ring of fire
MPRegen  0.16/turn              (no ring)

@: no status effects
A: no striking features
a: Renounce Religion, Potion Petition, Call Merchant, Bribe Branch


You were on level 5 of the Dungeon.
You worshipped Gozag.
Gozag was most pleased with you.
You visited 1 branch of the dungeon, and saw 5 of its levels.
You also visited: Sewer and Ossuary.

You collected 1153 gold pieces.
You paid 25 gold pieces to Gozag.

Inventory:

Hand Weapons
 a - a +1 dagger of flaming (weapon)
 b - a +1 hunting sling of flaming
 x - a +4 quarterstaff of chaos
Missiles
 d - 101 stones
 f - 32 sling bullets
 g - 20 poisoned darts
 m - 126 arrows
 n - 7 boomerangs
 r - 27 bolts
Armour
 c - a +0 hat (worn)
 l - a +1 pair of gloves (worn)
 v - a +0 leather armour (worn)
 y - a +0 cloak (worn)
Jewellery
 k - a ring of fire (left hand)
Wands
 w - a wand of random effects (21)
Scrolls
 e - 2 scrolls of blinking
 j - 3 scrolls of teleportation
 p - a scroll of enchant weapon {unknown}
 s - a scroll of random uselessness {unknown}
 u - 3 scrolls of immolation {unknown}
Potions
 h - 2 potions of might
 i - 10 potions of heal wounds
 o - 4 potions of flight
 q - 6 potions of curing
 t - 3 potions of degeneration {unknown}


   Skills:
 - Level 5.0 Dodging
 + Level 6.2 Stealth
 + Level 7.0 Spellcasting
 - Level 6.0 Conjurations
 - Level 1.1 Summonings
 - Level 1.1 Translocations


You had 17 spell levels left.
You knew the following spells:

 Your Spells              Type           Power        Failure   Level
a - Magic Dart            Conj           100%         1%          1
b - Blink                 Tloc           N/A          13%         2

Your spell library contained the following spells:

 Spells                   Type           Power        Failure   Level
 Conjure Flame            Conj/Fire      28%          12%         3
 Call Imp                 Summ           11%          13%         2
 Mephitic Cloud           Conj/Pois/Air  15%          19%         3
 Slow                     Hex            7%           21%         2


Dungeon Overview and Level Annotations

Branches:
Dungeon (5/15)             Temple (0/1) D:5           Sewer (visited)
Ossuary (visited)

Altars:
Gozag

Shops:
D:4 =


Message History

The ice beast hits you but does no damage.
The orc wizard gestures wildly while chanting.
The orc wizard blinks!
You barely miss the ice beast. The ice beast misses you.
The phantom blinks!
You closely miss the ice beast. The ice beast barely misses you.
You closely miss the ice beast.
The ice beast hits you but does no damage.
You barely miss the ice beast.
The ice beast hits you but does no damage.
You closely miss the ice beast. The ice beast closely misses you.
You hit the ice beast but do no damage. The ice beast hits you.
The ice beast freezes you!
You feel a terrible chill!
You hit the ice beast but do no damage.
The ice beast hits you but does no damage.
You barely miss the ice beast. The ice beast hits you.
* * * LOW HITPOINT WARNING * * *
The ice beast freezes you!!
You feel a terrible chill!
Ouch! That really hurt!
You die...
Your body crumbles into a pile of gold.

## ยง... #. #..# #.##
#..# #..####..#
#.......## #.#o..>..#
# #..#....(...
....#######..##.##....
....W..@Yo....### ...
......#######..###...#
..... #............#
.#.. #.###....#.#.#
#.##.#..##....#...#
#.......##....###.#
#.#####...........#
#.#...#..##.......#
#.'...#..#........#


You could see a phantom, an ice beast and an orc wizard.

Vanquished Creatures
  Edmund (D:4)
  A big kobold (Sewer)
  A howler monkey (D:4)
  3 centaur zombies (Ossuary)
  2 hounds
  A gnoll shaman (D:4)
  Crazy Yiuf (D:4)
  2 orc wizards
  A worker ant (D:4)
  2 big kobold zombies (Ossuary)
  A hound skeleton (D:4)
  2 mummies (Ossuary)
  5 gnolls
  6 river rats (Sewer)
  5 adders
  A white imp (D:4)
  An ooze (D:1)
  3 worms
  A dart slug (D:1)
  4 leopard geckos
  13 orcs
  4 bats
  6 giant cockroaches
  3 gnoll zombies (Ossuary)
  6 goblins
  6 hobgoblins
  13 jackals
  2 quokkas (D:3)
  6 ball pythons (Sewer)
  10 frilled lizards
  A goblin zombie (Ossuary)
  22 kobolds
  5 orc zombies (Ossuary)
  2 quokka zombies (D:5)
  29 rats
172 creatures vanquished.

Vanquished Creatures (others)
  2 fungi (D:4)
2 creatures vanquished.

Grand Total: 174 creatures vanquished

Notes
Turn   | Place    | Note
-------+----------+-------------------------------------------
     0 | D:1      | Descartes the Deep Elf Hedge Wizard began the quest for the
                  | Orb.
     0 | D:1      | Reached XP level 1. HP: 10/10 MP: 7/7
    87 | D:1      | Reached XP level 2. HP: 11/15 MP: 1/9
   623 | D:1      | Reached XP level 3. HP: 19/19 MP: 6/10
  1242 | D:2      | Reached XP level 4. HP: 16/24 MP: 8/12
  1500 | D:2      | Found an opulent altar of Gozag.
  1508 | D:2      | Became a worshipper of Gozag Ym Sagoz the Greedy
  2038 | D:3      | Reached skill level 5 in Conjurations
  2630 | D:3      | Reached XP level 5. HP: 17/28 MP: 8/13
  3345 | D:4      | Found a glowing drain.
  3522 | Sewer    | Entered a sewer
  3830 | Sewer    | Reached skill level 5 in Spellcasting
  4140 | Sewer    | Reached XP level 6. HP: 32/32 MP: 6/16
  4442 | Sewer    | Reached skill level 6 in Spellcasting
  5525 | D:4      | Found Daugg's Jewellery Emporium.
  5863 | D:4      | Reached skill level 5 in Dodging
  6213 | D:4      | Reached XP level 7. HP: 35/36 MP: 11/18
  6258 | D:4      | Noticed Edmund
  6453 | D:4      | Killed Edmund
  6454 | D:4      | Reached skill level 5 in Stealth
  6457 | D:4      | Learned a level 2 spell: Blink
  6748 | D:4      | Found a runed translucent door.
  6749 | D:4      | Noticed Crazy Yiuf
  6855 | D:4      | Killed Crazy Yiuf
  7076 | D:5      | Entered Level 5 of the Dungeon
  7124 | D:5      | Found a sand-covered staircase.
  7130 | Ossuary  | Entered an ossuary
  7633 | Ossuary  | Reached skill level 7 in Spellcasting
  7859 | D:5      | Found a staircase to the Ecumenical Temple.
  7880 | D:5      | Mangled by an ice beast

Illustrated notes

Levels and vault maps discovered:
D:1:      dpeg_arrival_simpleton_a, layout_rooms, serial_bayou_crossing
D:2:      layout_rooms, minivault_5,
          nicolae_gozag_cash_rules_everything_around_me
D:3:      layout_loops_ring
D:4:      layout_rooms, cheibrodos_sewer_entry_bend, serial_shops,
          nicolae_shop_behind_doors, uniq_crazy_yiuf_cottage, uniq_edmund
D:5:      layout_basic, minmay_temple_entry_wispy, enter_ossuary_2

Skill      XL: |  1  2  3  4  5  6  7 |
---------------+----------------------+-----
Conjurations   | 2 3 4 5 6 |  6.0
Spellcasting   | 5 6 7 |  7.0
Dodging        | 5 |  5.0
Stealth        | 3 6 |  6.2
Summonings     | |  1.1
Translocations | |  1.1

Action                   |  1- 3 |  4- 6 |  7- 9 || total
-------------------------+-------+-------+-------++-------
Melee: Dagger            |    19 |       |    17 ||    36
 Fire: Hunting sling     |       |     2 |    23 ||    25
 Cast: Magic Dart        |    79 |   287 |   131 ||   497
  Use: Potion            |     2 |       |       ||     2
       Scroll            |       |     7 |     1 ||     8
 Stab: Sleeping          |     1 |       |       ||     1
Armor: Robe              |     6 |    12 |       ||    18
       Leather armour    |       |     5 |    23 ||    28
Dodge: Dodged            |    23 |    60 |    63 ||   146
